 Dungeon Crawl Stone Soup version 0.29-a0-542-g075992c915 (webtiles) character file.

Game seed: 15226707303294115699

16 happo123 the Sneak (level 2, -1/16 HPs)
             Began as a Kobold Enchanter on June 5, 2022.
             Slain by a kobold
             ... wielding a +3 short sword of speed
              (7 damage)
             ... on level 1 of the Dungeon.
             The game lasted 00:02:03 (736 turns).

happo123 the Sneak (Kobold Enchanter)                Turns: 736, Time: 00:02:03

Health: -1/16      AC:  2    Str:  5    XL:     2   Next: 75%
Magic:  1/5        EV: 15    Int: 16    God:
Gold:   29         SH:  0    Dex: 15    Spells: 3/5 levels left

rFire   . . .      SeeInvis .   a - +1 dagger
rCold   . . .      Faith    .   (no shield)
rNeg    . . .      Spirit   .   b - +0 robe
rPois   .          Reflect  .   (no helmet)
rElec   .          Harm     .   (no cloak)
rCorr   .          Rampage  .   (no gloves)
Will    .....                   (no boots)
Stlth   ++++......              (no amulet)
HPRegen 0.05/turn               (no ring)
MPRegen 0.09/turn               (no ring)

@: very slightly contaminated
A: small, no large weapons, nightstalker 3
a: no special abilities


You were on level 1 of the Dungeon.
You visited 1 branch of the dungeon, and saw 1 of its levels.

You collected 29 gold pieces.

Inventory:

Hand Weapons
 a - a +1 dagger (weapon)
Armour
 b - a +0 robe (worn)
Scrolls
 d - a scroll of fog {unknown}
 e - a scroll of poison {unknown}
 f - a scroll of fear {unknown}
Potions
 c - 2 potions of invisibility
 g - a potion of curing {unknown}


   Skills:
 + Level 0.7 Fighting
 + Level 1.8 Short Blades
 + Level 2.5 Dodging
 + Level 4.1 Stealth
 + Level 2.3 Spellcasting
 * Level 3.2 Hexes


You had 3 spell levels left.
You knew the following spells:

 Your Spells              Type           Power      Damage    Failure   Level
a - Ensorcelled Hibernat  Hex/Ice        14%        N/A       16%         2

Your spell library contained the following spells:

 Spells                   Type           Power      Damage    Failure   Level
 Confusing Touch          Hex            12%        N/A       16%         3
 Tukima's Dance           Hex            12%        N/A       16%         3
 Dazzling Flash           Conj/Hex       14%        N/A       30%         3


Dungeon Overview and Level Annotations

Branches:
Dungeon (1/15)

Altars:


Innate Abilities, Weirdness & Mutations

You are small and have problems with some larger weapons.
You are completely attuned to the shadows.


Message History

There is an open door here.
A goblin comes into view. It is wielding a +0 club.
The helpless goblin fails to defend itself.
You puncture the goblin!
You kill the goblin!
You see here a +0 club.
A goblin comes into view. It is wielding a +0 dagger.
The goblin moves out of view.
There is an open door here.
The kobold shouts!
You hear a bark!
The kobold hits you with a +3 short sword of speed.
You hear a bark!
You closely miss the kobold. The kobold closely misses you.
Aiming: Ensorcelled Hibernation (safe; 16% risk of failure)
Press: ? - help, Q - select action Shift-Dir - straight line, f - kobold
Aim: a kobold, wielding a +3 short sword of speed (chance to affect: 58%)
You miscast Ensorcelled Hibernation.
You are very lightly contaminated with residual magic.
Nothing appears to happen.
The kobold barely misses you. The kobold closely misses you.
Aiming: Ensorcelled Hibernation (safe; 16% risk of failure)
Press: ? - help, Q - select action Shift-Dir - straight line, f/p - kobold
Aim: a kobold, wielding a +3 short sword of speed (chance to affect: 58%)
The kobold resists with significant effort.
The kobold misses you.
Unknown command.
You hit the kobold.
The kobold is severely wounded.
The kobold hits you but does no damage. The kobold misses you.
You barely miss the kobold.
The kobold is severely wounded.
The kobold hits you with a +3 short sword of speed.
You closely miss the kobold.
The kobold is severely wounded.
A jackal comes into view.
The kobold closely misses you. x2
You closely miss the kobold.
The kobold is severely wounded.
The kobold hits you with a +3 short sword of speed!
You die...

.......... #h.... ..........
####..... .......... ..........
........## #....).......
........# #....!....... .....##
#.......h.... .....'.
#............ ......##
########.......@K.# #.........+.
#.....#####....######.. ......##
...#.#...###....###....#+#.......
.###.###..##........##.#.#.#...#.
##.....##..'........')...........
+.......'###........##.#.......#.
.........###...................##
..........##.....................
...........#...................#.


You could see a jackal (wandering) and a kobold.

Vanquished Creatures
  A dart slug (D:1)
  A ball python (D:1)
  An endoplasm (D:1)
  3 goblins (D:1)
  A hobgoblin (D:1)
  2 kobolds (D:1)
  2 quokkas (D:1)
  A rat (D:1)
12 creatures vanquished.

Notes
Turn   | Place    | Note
-------+----------+-------------------------------------------
     0 | D:1      | happo123 the Kobold Enchanter began the quest for the Orb.
     0 | D:1      | Reached XP level 1. HP: 10/10 MP: 3/3
   282 | D:1      | Reached XP level 2. HP: 16/16 MP: 5/5
   285 | D:1      | Learned a level 2 spell: Ensorcelled Hibernation
   736 | D:1      | Slain by a kobold

Illustrated notes

Levels and vault maps discovered:
D:1:      lemuel_arrival_rhombus, layout_basic, hangedman_decor_clover_reticule

Action                   || total
-------------------------++-------
Melee: Dagger            ||    28
 Cast: Ensorcelled Hiber ||     6
 Stab: Sleeping          ||     9
Armor: Robe              ||     3
Dodge: Dodged            ||    17

Table legend: (Time is in decaauts)
 A = Elapsed time spent in this place.
 B = Non-inter-level travel time spent in this place.
 C = Inter-level travel time spent in this place.
 D = Time resting spent in this place.
 E = Time spent auto-exploring this place.
 F = Levels seen in this place.
 G = Mean time per level.
                   A        B        C        D        E       F      G
               +--------+--------+--------+--------+--------+-----+--------+
         Total |    733 |    694 |     39 |     93 |    485 |   1 |  733.0 |
       Dungeon |    733 |    694 |     39 |     93 |    485 |   1 |  733.0 |
               +--------+--------+--------+--------+--------+-----+--------+

Top non-repeatable levels by time:
     D:1: 733 daAuts
